 Dungeon Crawl Stone Soup version 0.29.1-15-g9cfb28693d (webtiles) character file.

Game seed: 8699473910149879057

23980 pokedragonboy the Devastator (level 12, -6/59 HPs)
             Began as a Deep Elf Conjurer on Mar 12, 2023.
             Was a High Priest of Sif Muna.
             Shot with an arrow by Nessos (7 damage)
             ... on level 4 of the Lair of Beasts.
             The game lasted 00:56:45 (18468 turns).

pokedragonboy the Devastator (Deep Elf Conjurer)   Turns: 18468, Time: 00:56:46

Health: -6/59      AC: 12    Str:  4    XL:     12   Next: 76%
Magic:  30/32      EV: 13    Int: 29    God:    Sif Muna [*****.]
Gold:   858        SH:  0    Dex: 19    Spells: 23/40 levels left

rFire   . . .      SeeInvis +   i - staff of conjuration
rCold   . . .      Faith    +   (no shield)
rNeg    . . .      Spirit   .   j - +2 steam dragon scales
rPois   .          Reflect  .   E - +0 helmet
rElec   .          Harm     .   o - scarf {+Inv}
rCorr   .          Rampage  .   b - +0 pair of gloves
Will    +....                   I - +2 pair of boots
Stlth   +++.......              u - amulet of faith
HPRegen 0.19/turn               d - ring of see invisible
MPRegen 0.23/turn               z - +6 ring of dexterity

@: lethally poisoned (-6 -> -39)
A: no striking features
a: Renounce Religion, Evoke Invisibility, Channel Magic, Forget Spell, Divine
Exegesis


You were on level 4 of the Lair of Beasts.
You worshipped Sif Muna.
Sif Muna was extremely pleased with you.
You visited 3 branches of the dungeon, and saw 15 of its levels.

You collected 858 gold pieces.

Inventory:

Hand Weapons
 p - the +3 broad axe "Jiuffac" {freeze, rF+ rN++ Dex+3}
   (You found it on level 4 of the Dungeon)

   It freezes those it strikes, dealing additional cold damage.
   It can also slow down cold-blooded creatures.
   Dex:       It affects your dexterity (+3).
   rF:        It protects you from fire.
   rN:        It greatly protects you from negative energy.
 P - the +8 dagger of Courage {drain, Dex+4 SInv}
   (You found it on level 3 of the Lair of Beasts)

   A truly terrible weapon, it drains the life of any living foe it strikes.
   Dex:       It affects your dexterity (+4).
   SInv:      It lets you see invisible.
Armour
 b - a +0 pair of gloves (worn)
 j - +2 steam dragon scales (worn)
 o - a scarf of invisibility (worn)
 r - a +2 robe of willpower
 E - a +0 helmet (worn)
 I - a +2 pair of boots (worn)
Magical Staves
 i - a staff of conjuration (weapon)
 F - a staff of cold
Jewellery
 d - a ring of see invisible (left hand)
 m - a ring of fire
 u - an amulet of faith (around neck)
 w - a ring of ice
 z - a +6 ring of dexterity (right hand)
Wands
 x - a wand of flame (30)
 y - a wand of paralysis (3)
 D - a wand of iceblast (13)
 J - a wand of polymorph (7)
 K - a wand of mindburst (10)
 N - a wand of acid (1)
Scrolls
 c - 2 scrolls of immolation
 g - 3 scrolls of fear
 h - 3 scrolls of amnesia
 q - 3 scrolls of teleportation
 v - 5 scrolls of butterflies
 A - 2 scrolls of blinking
 B - 3 scrolls of magic mapping
 O - 4 scrolls of identify
Potions
 a - a potion of berserk rage
 e - a potion of cancellation
 f - a potion of invisibility
 k - 3 potions of might
 l - a potion of resistance
 n - 2 potions of brilliance
 s - 3 potions of haste
 C - 2 potions of attraction
 G - 2 potions of heal wounds
 H - 3 potions of lignification
 L - 2 potions of flight
 M - a potion of ambrosia


   Skills:
 - Level 3.0 Dodging
 - Level 3.0 Stealth
 + Level 14.5 Spellcasting
 * Level 17.2 Conjurations
 - Level 8.0 Hexes
 + Level 4.3 Necromancy
 - Level 8.0 Invocations


You had 23 spell levels left.
You knew the following spells:

 Your Spells              Type           Power      Damage    Failure   Level
a - Magic Dart            Conj           100%       1d8       0%          1
b - Searing Ray           Conj           100%       2d8       0%          2
c - Fulminant Prism       Conj/Hex       48%        3d21      1%          4
d - Iskenderun's Mystic   Conj/Tloc      82%        2d16      1%          4
e - Animate Dead          Necr           46%        N/A       4%          4
s - Sublimation of Blood  Necr           46%        N/A       1%          2

Your spell library contained the following spells:

 Spells                   Type           Power      Damage    Failure   Level
 Confusing Touch          Hex            61%        N/A       1%          3
 Dazzling Flash           Conj/Hex       100%       N/A       1%          3
 Inner Flame              Hex/Fire       44%        N/A       1%          3
 Cause Fear               Hex            30%        N/A       1%          4
 Beastly Appendage        Tmut           42%        N/A       2%          1
 Poisonous Vapours        Pois/Air       42%        N/A       3%          2
 Wereblood                Tmut           21%        N/A       3%          2
 Leda's Liquefaction      Hex/Erth       22%        N/A       4%          4
 Ozocubu's Armour         Ice            21%        N/A       7%          3
 Spider Form              Tmut/Pois      21%        N/A       7%          3
 Corpse Rot               Necr/Pois/Air  29%        N/A       13%         4
 Yara's Violent Unravell  Hex/Tmut       22%        3d10      13%         5
 Lee's Rapid Deconstruct  Erth           10%        3d9*      54%         5
 Enfeeble                 Hex            30%        N/A       58%         7
 Statue Form              Tmut/Erth      14%        N/A       98%         6
 Discord                  Hex            30%        N/A       99%         8
 Dragon Form              Tmut           10%        N/A       100%        7
 Haunt                    Necr/Summ      16%        N/A       100%        7
 Ozocubu's Refrigeration  Ice            10%        4d9       100%        7
 Summon Hydra             Summ           10%        N/A       100%        7
 Infestation              Necr           23%        N/A       100%        8
 Dragon's Call            Summ           10%        N/A       100%        9


Dungeon Overview and Level Annotations

Branches:
Dungeon (10/15)            Temple (1/1) D:7            Lair (4/5) D:10
  Swamp (0/4) Lair:3        Snake (0/4) Lair:2          Orc (0/2) D:10
  Slime: Lair:4-5

Altars:
Ashenzari
Cheibriados
Dithmenos
Elyvilon
Fedhas
Gozag
Hepliaklqana
Kikubaaqudgha
Makhleb
Nemelex Xobeh
Okawaru
Qazlal
Ru
Sif Muna
Trog
Uskayaw
Vehumet
Wu Jian
Xom
Yredelemnul
Zin
The Shining One

Shops:
D:8 =

Annotations:
D:8 3 runed translucent doors
Lair:4 Nessos


Message History

Your five-headed hydra zombie bites Nessos!
Your fulminant prism explodes!
The blast of energy engulfs the plant!!!
The plant begins to die.
The plant is moderately damaged.
You hear a bleat!
You hear an angry hiss.
You hear a shout!
Unknown command.
You feel sick.
Nessos shoots an arrow.
The arrow hits your five-headed hydra zombie!
The arrow burns your five-headed hydra zombie.
Nessos shoots an arrow.
The arrow hits your five-headed hydra zombie!!
The arrow burns your five-headed hydra zombie!
You feel sick.
Nessos shoots an arrow.
The arrow hits your five-headed hydra zombie!!
The arrow burns your five-headed hydra zombie.
Your five-headed hydra zombie is destroyed!
Nessos shoots an arrow.
The arrow barely misses you.
Found a wand of paralysis (7).
You feel sick.
Nessos shoots an arrow.
The arrow barely misses you.
Nessos gestures wildly while chanting.
Nessos blinks!
You feel sick.
Nessos mumbles some strange words.
Nessos blinks!
You feel sick.
You are no longer poisoned.
Nessos shoots an arrow.
The arrow completely misses you.
Nessos shoots an arrow.
The arrow barely misses you.
Nessos gestures wildly while chanting.
Nessos blinks!
There is a stone staircase leading up here.
Nessos shoots an arrow.
The arrow hits you!!
* * * LOW HITPOINT WARNING * * *
The arrow burns you.
You are lethally poisoned!
* * * LOW HITPOINT WARNING * * *
Nessos shoots an arrow.
The arrow barely misses you.
Nessos shoots an arrow.
The arrow hits you!
You die...

##..............
#....ยง....#P...
#.#............
#.#....#.......
##.c..[#.......
#..............
##.........##..
##.........#.#$.
#...@......##.
#..........## ..
#............#
.#............#
#./............
...............
..............#
#P........P..##


You could see Nessos (fast).

Vanquished Creatures
  2 hydras
  4 two-headed ogres
  4 elephants (Lair:4)
  Maggie (Lair:2)
  A gargoyle (D:10)
  5 cane toads
  A kobold demonologist (D:10)
  5 komodo dragons
  Psyche (D:10)
  A troll (D:10)
  A polar bear (Lair:2)
  3 blink frogs (Lair:3)
  Prince Ribbit (D:5)
  Sigmund (D:2)
  13 yaks
  4 vampires (D:10)
  A wraith (D:10)
  2 wyverns
  A basilisk (Lair:3)
  Grum (D:10)
  A swamp worm (Lair:3)
  4 nagas (Lair:2)
  7 water moccasins
  4 orc warriors
  A sky beast (D:8)
  2 black bears
  4 ogres (D:5)
  4 centaurs
  13 wolves
  2 phantoms
  2 kobold brigands
  A komodo dragon zombie (Lair:3)
  3 necrophages
  8 bullfrogs
  A gnoll sergeant (D:10)
  3 scorpions
  16 wights
  18 killer bees
  2 howler monkeys
  An electric eel (Lair:4)
  A basilisk zombie (Lair:3)
  2 gnoll boudas
  2 jellies
  3 hounds
  6 orc priests
  3 iguanas
  9 orc wizards
  13 adders
  17 gnolls
  2 shadow imps (D:7)
  4 white imps
  3 ufetubi (D:5)
  A worm (D:2)
  A dart slug (D:1)
  29 orcs
  5 bats
  9 endoplasms
  6 giant cockroaches
  8 goblins
  7 hobgoblins
  10 jackals
  3 quokkas
  5 ball pythons
  4 frilled lizards
  11 kobolds
  10 rats
  2 fulminant prisms
326 creatures vanquished.

Vanquished Creatures (collateral kills)
  2 hydras
  A torpor snail (Lair:4)
  2 komodo dragons (Lair:3)
  A blink frog (Lair:3)
  3 yaks
  A basilisk (Lair:3)
  2 swamp worms (Lair:3)
  A yak zombie (Lair:3)
13 creatures vanquished.

Vanquished Creatures (others)
  3 hydra zombies
  3 elephant zombies (Lair:4)
  A komodo dragon zombie (Lair:3)
  A basilisk zombie (Lair:3)
  An orc (D:10)
  14 bushes (D:10)
  67 fulminant prisms
  20 fungi
  50 plants
160 creatures vanquished.

Grand Total: 499 creatures vanquished

Notes
Turn   | Place    | Note
-------+----------+-------------------------------------------
     0 | D:1      | pokedragonboy the Deep Elf Conjurer began the quest for the
                  | Orb.
     0 | D:1      | Reached XP level 1. HP: 10/10 MP: 6/6
     2 | D:1      | Found a runed translucent door.
   325 | D:1      | Reached XP level 2. HP: 15/15 MP: 5/8
   408 | D:1      | Learned a level 2 spell: Searing Ray
   500 | D:1      | Reached skill level 1 in Hexes
   929 | D:2      | Reached XP level 3. HP: 19/19 MP: 4/9
  1043 | D:2      | Noticed Sigmund
  1241 | D:2      | Reached skill level 5 in Conjurations
  1478 | D:2      | Reached XP level 4. HP: 24/24 MP: 3/11
  1483 | D:2      | Learned a level 4 spell: Fulminant Prism
  1741 | D:3      | You fall into a shaft and drop 1 floor!
  1798 | D:4      | Identified the +3 broad axe "Jiuffac" {freeze, rF+ rN++
                  | Dex+3}
  1855 | D:4      | Noticed a necrophage
  1865 | D:4      | Killed a necrophage
  1866 | D:4      | Reached XP level 5. HP: 22/28 MP: 0/13
  2015 | D:4      | Noticed a phantom
  2020 | D:4      | Killed a phantom
  2021 | D:4      | Reached skill level 6 in Conjurations
  2234 | D:2      | Killed Sigmund
  2235 | D:2      | Reached skill level 5 in Spellcasting
  2235 | D:2      | Reached XP level 6. HP: 32/32 MP: 5/15
  2308 | D:2      | Found a faded altar of an unknown god.
  2633 | D:3      | Learned a level 2 spell: Sublimation of Blood
  2638 | D:3      | Learned a level 4 spell: Iskenderun's Mystic Blast
  3508 | D:3      | Reached skill level 7 in Conjurations
  4112 | D:4      | Reached XP level 7. HP: 36/36 MP: 12/17
  4655 | D:4      | Reached skill level 5 in Hexes
  4932 | D:5      | Entered Level 5 of the Dungeon
  5121 | D:5      | Reached skill level 8 in Conjurations
  5315 | D:5      | Reached XP level 8. HP: 41/41 MP: 15/19
  5634 | D:5      | Found a hide-covered altar of Uskayaw.
  5672 | D:5      | Noticed Prince Ribbit
  5689 | D:5      | Reached skill level 9 in Conjurations
  5690 | D:5      | Killed Prince Ribbit
  6273 | D:6      | Reached skill level 10 in Conjurations
  6411 | D:6      | Reached XP level 9. HP: 12/45 MP: 10/23
  7270 | D:7      | Found a stormy altar of Qazlal.
  7627 | D:7      | Found a staircase to the Ecumenical Temple.
  7633 | Temple   | Entered the Ecumenical Temple
  7681 | Temple   | Became a worshipper of Sif Muna the Loreminder
  7995 | D:8      | Found Idghaixe's Jewellery Shop.
  8014 | D:8      | Found an opulent altar of Gozag.
  8105 | D:8      | Reached skill level 1 in Invocations
  8284 | D:8      | Found a runed translucent gate.
  8284 | D:8      | Found a runed translucent gate.
  8284 | D:8      | Found a runed translucent gate.
  8284 | D:8      | Noticed a green ugly thing
  8285 | D:8      | Noticed a green ugly thing
  8285 | D:8      | Noticed a purple ugly thing
  8317 | D:8      | Reached skill level 11 in Conjurations
  8535 | D:8      | Reached * piety under Sif Muna
  9610 | D:9      | Found a burning altar of Makhleb.
  9610 | D:9      | Found an ancient bone altar of Kikubaaqudgha.
  9858 | D:9      | Noticed a two-headed ogre
  9865 | D:9      | Killed a two-headed ogre
  9866 | D:9      | Reached skill level 10 in Spellcasting
  9866 | D:9      | Reached skill level 12 in Conjurations
  9866 | D:9      | Reached XP level 10. HP: 50/50 MP: 12/26
  9929 | D:9      | Noticed a two-headed ogre
  9937 | D:9      | Killed a two-headed ogre
  9937 | D:9      | Reached ** piety under Sif Muna
 10233 | D:10     | Entered Level 10 of the Dungeon
 10239 | D:10     | Noticed Grum
 10245 | D:10     | Reached skill level 1 in Necromancy
 10252 | D:10     | Killed Grum
 10463 | D:10     | Reached skill level 5 in Invocations
 10812 | D:10     | Noticed a gargoyle
 10817 | D:10     | Killed a gargoyle
 10818 | D:10     | Reached skill level 13 in Conjurations
 10921 | D:10     | Found a faded altar of an unknown god.
 10927 | D:10     | Found a hazy altar of Hepliaklqana.
 10973 | D:10     | Reached *** piety under Sif Muna
 11004 | D:10     | Noticed a two-headed ogre
 11012 | D:10     | Killed a two-headed ogre
 11330 | D:10     | Reached XP level 11. HP: 54/54 MP: 23/28
 11337 | D:10     | Noticed Psyche
 11368 | D:10     | Killed Psyche
 11670 | D:10     | Found a staircase to the Orcish Mines.
 11931 | D:10     | Reached skill level 14 in Conjurations
 12027 | D:10     | Found a staircase to the Lair.
 12302 | D:10     | Found a sacrificial altar of Ru.
 12803 | D:10     | Learned a level 4 spell: Animate Dead
 12877 | D:10     | Noticed a two-headed ogre
 12898 | D:10     | Killed a two-headed ogre
 13089 | Lair:1   | Entered Level 1 of the Lair of Beasts
 13152 | Lair:1   | Reached **** piety under Sif Muna
 13622 | Lair:1   | Noticed a four-headed hydra
 13630 | Lair:1   | Killed a four-headed hydra
 14186 | Lair:2   | Reached skill level 15 in Conjurations
 14797 | Lair:2   | Reached XP level 12. HP: 23/59 MP: 1/30
 15518 | Lair:2   | Noticed Maggie
 15527 | Lair:2   | Killed Maggie
 16247 | Lair:2   | Found a staircase to the Snake Pit.
 16718 | Lair:3   | Reached skill level 16 in Conjurations
 17026 | Lair:3   | Noticed a four-headed hydra
 17035 | Lair:3   | Killed a four-headed hydra
 17037 | Lair:3   | Noticed an eight-headed hydra
 17048 | Lair:3   | Killed an eight-headed hydra
 17439 | Lair:3   | Identified the +8 dagger of Courage {drain, Dex+4 SInv}
 17920 | Lair:3   | Found a staircase to the Swamp.
 18227 | Lair:4   | Reached skill level 17 in Conjurations
 18228 | Lair:4   | Noticed a five-headed hydra
 18238 | Lair:4   | Killed a five-headed hydra
 18415 | Lair:4   | Reached ***** piety under Sif Muna
 18456 | Lair:4   | Noticed Nessos
 18468 | Lair:4   | HP: 2/59 [Nessos/arrow (18)]
 18468 | Lair:4   | Shot with an arrow by Nessos

Illustrated notes

Levels and vault maps discovered:
D:1:      dpeg_arrival_caged_fury, layout_basic
D:2:      layout_basic, ebering_ecumenical_altar_box, uniq_sigmund
D:3:      layout_loops_corners, eino_tiny_chamber, saegor_snake_ambush
D:4:      layout_cave_pods
D:5:      layout_cave_pools, nicolae_uskayaw_murder_on_the_dancefloor,
          uniq_prince_ribbit1
D:6:      layout_loops_ring, corexii_item_surrounded_by_moat
D:7:      layout_rooms, mainiacjoe_overflow_brackets, minmay_temple_entry_wispy
D:8:      lemuel_ice_spiral_2, layout_rooms,
          mainiacjoe_overflow_concentric_impassable, serial_shops,
          nicolae_diamond_shop, ploomutoo_gammafunk_ghost_potion_laboratory
D:9:      layout_stronghold, gammafunk_temple_overflow_statue
D:10:     wad_woods_structure_01, layout_small_grid,
          nicolae_ru_the_path_less_chosen, beargit_hepliaklqana_dungeon_heroes,
          orc_0_dummy, st_stairs_10, uniq_grum, uniq_psyche
Temple:   nicolae_temple_superstar
Lair:1:   layout_concentric_octagons, serial_bayou_shore_b,
          infiniplex_staircase_pool_2
Lair:2:   layout_gridlike, minmay_snake_entry_guardpost_large, uniq_maggie
Lair:3:   layout_chaotic_city, minmay_swamp_entry_worms
Lair:4:   layout_cave_shapes, gammafunk_ghost_split,
          nicolae_lair_time_for_slime, infiniplex_staircase_pool,
          uniq_josephine, uniq_nessos

Skill      XL: |  1  2  3  4  5  6  7  8  9 10 11 12 |
---------------+-------------------------------------+-----
Hexes          | 1 2 4 5 7 8 |  8.0
Stealth        | 3 |  3.0
Conjurations   | 5 6 7 8 10 12 13 15 17 | 17.2
Dodging        | 3 |  3.0
Spellcasting   | 4 5 6 8 10 11 12 14 | 14.5
Invocations    | 4 6 8 |  8.0
Necromancy     | 3 4 |  4.3

Action                   |  1- 3 |  4- 6 |  7- 9 | 10-12 || total
-------------------------+-------+-------+-------+-------++-------
Melee: Dagger            |     3 |       |       |       ||     3
       Broad axe         |       |     7 |       |       ||     7
       Staff             |       |       |       |    23 ||    23
       Punch             |       |       |       |     1 ||     1
 Cast: Magic Dart        |    52 |    68 |   129 |    58 ||   307
       Searing Ray       |     1 |    12 |    56 |    58 ||   127
       Fulminant Prism   |       |     2 |    15 |    52 ||    69
       Iskenderun's Myst |       |     1 |       |    65 ||    66
       Sublimation of Bl |       |       |       |     4 ||     4
       Animate Dead      |       |       |       |     6 ||     6
Invok: Channel Magic     |       |       |       |     3 ||     3
  Use: Scroll            |       |     8 |    10 |    11 ||    29
       Potion            |       |       |     1 |     4 ||     5
 Stab: Sleeping          |     1 |       |       |       ||     1
Armor: Robe              |     1 |     3 |     4 |    22 ||    30
       Steam dragon scal |       |       |       |    19 ||    19
Dodge: Dodged            |     6 |    18 |    28 |    67 ||   119
